 Dungeon Crawl Stone Soup version 0.31.0-11-ge490571c62 (webtiles) character file.

Game seed: 13335496887633621170

749 Andromeda the Basher (level 7, 0/57 HPs)
             Began as a Minotaur Berserker on Feb 1, 2024.
             Was a Priest of Trog.
             Slain by an ice beast (7 damage)
             ... on level 5 of the Dungeon.
             The game lasted 00:04:48 (2385 turns).

Andromeda the Basher (Minotaur Berserker)           Turns: 2385, Time: 00:04:49

Health: 0/57       AC:  2    Str: 27    XL:     7   Next: 48%
Magic:  6/6        EV: 17    Int:  4    God:    Trog [***...]
Gold:   167        SH:  0    Dex: 12    Spells: 6/6 levels left

rFire   . . .        a - +0 mace
rCold   . . .        (no shield)
rNeg    . . .        b - +0 animal skin
rPois   .            (helmet restricted)
rElec   .            (no cloak)
rCorr   .            (no gloves)
SInv    .            (no boots)
Will    .....        (no amulet)
Stlth   ++           n - +6 ring of strength
HPRegen 0.29/turn    m - +5 ring of evasion
MPRegen 0.10/turn

%: no passive effects
@: no status effects
A: horns 2, retaliatory headbutt
a: Renounce Religion, Berserk, Trog's Hand


You were on level 5 of the Dungeon.
You worshipped Trog.
Trog was most pleased with you.
You visited 1 branch of the dungeon, and saw 4 of its levels.

You collected 167 gold pieces.

Inventory:

Hand Weapons
 a - a +0 mace (weapon)
Missiles
 d - 14 stones (quivered)
Armour
 b - a +0 animal skin (worn)
Jewellery
 h - an amulet of faith
 m - a +5 ring of evasion (right hand)
 n - a +6 ring of strength (left hand)
Talismans
 u - a blade talisman
Wands
 r - a wand of mindburst (5)
Scrolls
 c - a scroll of poison {unknown}
 e - 4 scrolls of identify {unknown}
 i - a scroll of blinking {unknown}
 j - 2 scrolls of teleportation {unknown}
 l - 3 scrolls of revelation {unknown}
 p - a scroll of enchant armour {unknown}
 t - a scroll of vulnerability {unknown}
Potions
 f - 2 potions of haste {unknown}
 g - 2 potions of enlightenment {unknown}
 k - 2 potions of resistance {unknown}
 o - a potion of curing {unknown}
 q - a potion of mutation {unknown}
 s - a potion of degeneration {unknown}


   Skills:
 - Level 3.6 Fighting
 + Level 10.5 Maces & Flails
 - Level 2.4 Armour
 - Level 2.1 Dodging
 + Level 1.0 Stealth


You had 6 spell levels left.
You didn't know any spells.
Your spell library was empty.

Dungeon Overview and Level Annotations

Branches:
Dungeon (5/15)
 Temple: D:4-7

Altars:


Innate Abilities, Weirdness & Mutations

You have a pair of horns on your head.
You reflexively headbutt those who attack you in melee.


Message History

You hit the black bear. Your headbutt misses the black bear.
The black bear is lightly wounded.
The black bear closely misses you. The black bear completely misses you.
The black bear claws you.
You sock the black bear!
The black bear is moderately wounded.
The black bear bites you! The black bear barely misses you.
The black bear closely misses you.
You hit the black bear but do no damage.
The black bear is moderately wounded.
The ice beast hits you but does no damage.
The black bear bites you. The black bear misses you.
The black bear barely misses you.
You sock the black bear! Your headbutt misses the black bear.
The black bear is severely wounded.
The ice beast hits you. The ice beast freezes you!
The black bear completely misses you. The black bear closely misses you. x2
You're still recovering from your berserk rage.
You barely miss the black bear. You headbutt the black bear!
The black bear is almost dead.
You sock the black bear!
You kill the black bear!
Trog accepts your kill. The ice beast misses you.
Your Stealth skill increases to level 1!
You're still recovering from your berserk rage.
You completely miss the wight. You headbutt the wight.
The wight is moderately damaged.
The wight closely misses you. The ice beast closely misses you.
You sock the wight!
The wight is severely damaged.
You recover from your berserk rage.
The wight hits you with a +4 battleaxe of freezing!
* * * LOW HITPOINT WARNING * * *
The wight freezes you.
* * * LOW HITPOINT WARNING * * *
The ice beast hits you.
* * * LOW HITPOINT WARNING * * *
The ice beast freezes you!
You die...

......#.......#.......#
......#......##.......##
......#......'.........+
#...#####...##.........##
#.#+# #+#.#...........#
### #####.......##
#.#'#...#+# ##...#####...
+....@z...>..
#.##.#Y......
#.....>.#.#.#. #........
.. ....#.##.#. ># ......
.... .. ....## .# #. . ..
. .. ..


You could see an ice beast and a wight.

Vanquished Creatures
  Sigmund (D:2)
  A water moccasin (D:5)
  A black bear (D:5)
  3 scorpions
  2 bombardier beetles
  A gnoll bouda (D:4)
  4 gnolls (D:4)
  4 adders
  3 orcs (D:4)
  5 bats
  7 endoplasms
  3 giant cockroaches
  3 goblins
  3 hobgoblins
  4 jackals (D:2)
  5 kobolds
  2 quokkas
  8 ball pythons
  2 frilled lizards (D:1)
  6 rats
68 creatures vanquished.

Notes
Turn   | Place    | Note
-------+----------+-------------------------------------------
     0 | D:1      | Andromeda the Minotaur Berserker began the quest for the
                  | Orb.
     0 | D:1      | Reached XP level 1. HP: 19/19 MP: 0/0
   166 | D:1      | Reached skill level 4 in Maces & Flails
   343 | D:1      | Found a faded altar of an unknown god.
   369 | D:1      | Reached XP level 2. HP: 22/26 MP: 1/1
   819 | D:1      | Reached ** piety under Trog
   842 | D:1      | Reached skill level 5 in Maces & Flails
  1029 | D:2      | Reached XP level 3. HP: 31/31 MP: 2/2
  1174 | D:2      | Noticed Sigmund
  1177 | D:2      | Killed Sigmund
  1178 | D:2      | Reached skill level 7 in Maces & Flails
  1178 | D:2      | Reached XP level 4. HP: 39/39 MP: 3/3
  1178 | D:2      | Reached XP level 5. HP: 45/45 MP: 4/4
  1456 | D:2      | You fall into a shaft and drop 2 floors!
  1767 | D:4      | Reached skill level 8 in Maces & Flails
  1767 | D:4      | Reached XP level 6. HP: 31/51 MP: 5/5
  2233 | D:5      | Entered Level 5 of the Dungeon
  2247 | D:5      | Reached skill level 9 in Maces & Flails
  2330 | D:5      | Noticed a water moccasin
  2336 | D:5      | Killed a water moccasin
  2337 | D:5      | Reached XP level 7. HP: 57/57 MP: 6/6
  2343 | D:5      | Reached skill level 10 in Maces & Flails
  2383 | D:5      | Reached *** piety under Trog
  2384 | D:5      | Reached skill level 1 in Stealth
  2385 | D:5      | Slain by an ice beast

Illustrated notes

Levels and vault maps discovered:
D:1:      onia_arrival_mini_spirals, layout_basic,
          shapermc_ecumenical_altar_flowoftime
D:2:      layout_basic, interstate_on_off, dk_noncrumbling_2, uniq_sigmund
D:4:      layout_basic
D:5:      nicolae_cairo_tiling_very_big, layout_rooms, st_stairs_2

Skill      XL: |  1  2  3  4  5  6  7 |
---------------+----------------------+-----
Maces & Flails | 4 5 7 8 9 10 | 10.5
Stealth        | 1 |  1.0
Fighting       | |  3.6
Armour         | |  2.4
Dodging        | |  2.1

Action                     |  1- 3 |  4- 6 |  7- 9 || total
---------------------------+-------+-------+-------++-------
  Melee: Mace              |    66 |    74 |    15 ||   155
         Headbutt          |     4 |    12 |     3 ||    19
 Invoke: Berserk           |     1 |     2 |       ||     3
   Stab: Sleeping          |       |     1 |       ||     1
 Armour: Animal skin       |    41 |    30 |    10 ||    81
  Dodge: Dodged            |    36 |    38 |    16 ||    90
